2996 views
Uploaded 2019-12-01 21:23:03
Game version 1.32.0.3 / 1.32.0.3.1
47:00 long 3on3 ladder game on (6)Monsoon_LV
Saved by BEARAND
2996 views
Uploaded 2019-12-01 21:23:03
Game version 1.32.0.3 / 1.32.0.3.1
47:00 long 3on3 ladder game on (6)Monsoon_LV


78 units @ 8k
/ 0.5k
365 buildings @ 23.5k
/ 14.2k



x1)
| Staff of Sanctuary | 3 | 750 |
| Boots of Speed | 3 | 750 |
| Staff of Teleportation | 3 | 450 |
| Periapt of Vitality | 2 | 650 |
| Tome of Retraining | 1 | 300 |
| Orb of Lightning | 3 | 1125 |
| total: | 15 | 4025g |
| Peasant | 22 | 1650 | / | 0 |
| Priest | 2 | 270 | / | 20 |
| total: | 24 | 1920g | / | 20w |
| Scout Tower | 164 | 4920 | / | 3280 |
| Arcane Tower | 12 | 840 | / | 600 |
| Guard Tower | 58 | 4060 | / | 2900 |
| Altar of Kings | 1 | 180 | / | 50 |
| Farm | 4 | 320 | / | 80 |
| Lumber Mill | 2 | 240 | / | 0 |
| Town Hall | 2 | 770 | / | 410 |
| Arcane Vault | 2 | 260 | / | 60 |
| Blacksmith | 1 | 140 | / | 60 |
| Barracks | 1 | 160 | / | 60 |
| Arcane Sanctum | 1 | 150 | / | 140 |
| Gryphon Aviary | 2 | 280 | / | 300 |
| Keep | 2 | 640 | / | 420 |
| Castle | 1 | 360 | / | 210 |
| total: | 180 | 7420g | / | 4440w |
| 0:02 | Peasant |
| 0:02 | Peasant |
| 0:14 | Altar of Kings |
| 0:20 | Farm |
| 0:23 | Peasant |
| 0:38 | Peasant |
| 0:48 | Farm |
| 0:50 | Peasant |
| 0:53 | Lumber Mill |
| 0:55 | Lumber Mill |
| 0:58 | Peasant |
| 1:11 | Peasant |
| 1:29 | Scout Tower |
| 1:31 | Peasant |
| 1:37 | Scout Tower |
| 1:41 | Peasant |
| 1:48 | Peasant |
| 1:50 | Scout Tower |
| 1:57 | Arcane Tower |
| 2:07 | Peasant |
| 2:12 | Summon Water Elemental |
| 2:16 | Guard Tower |
| 2:22 | Scout Tower |
| 2:24 | Guard Tower |
| 2:25 | Peasant |
| 2:26 | Peasant |
| 2:33 | Scout Tower |
| 2:37 | Peasant |
| 2:59 | Guard Tower |
| 3:00 | Scout Tower |
| 3:01 | Scout Tower |
| 3:03 | Scout Tower |
| 3:07 | Guard Tower |
| 3:09 | Scout Tower |
| 3:38 | Guard Tower |
| 3:39 | Scout Tower |
| 3:41 | Brilliance Aura |
| 3:45 | Keep |
| 4:06 | Guard Tower |
| 4:07 | Scout Tower |
| 4:19 | Boots of Speed |
| 4:19 | Staff of Teleportation |
| 4:27 | Scout Tower |
| 4:29 | Guard Tower |
| 4:42 | Guard Tower |
| 4:47 | Arcane Tower |
| 4:50 | Scout Tower |
| 4:52 | Scout Tower |
| 5:04 | Improved Masonry |
| 5:09 | Farm |
| 5:56 | Town Hall |
| 6:18 | Scout Tower |
| 7:10 | Summon Water Elemental |
| 7:13 | Guard Tower |
| 7:17 | Advanced Masonry |
| 7:30 | Storm Bolt |
| 8:18 | Castle |
| 8:29 | Scout Tower |
| 8:30 | Scout Tower |
| 8:31 | Scout Tower |
| 8:32 | Scout Tower |
| 8:32 | Scout Tower |
| 8:42 | Improved Lumber Harvesting |
| 8:46 | Scout Tower |
| 8:47 | Scout Tower |
| 8:47 | Scout Tower |
| 8:48 | Scout Tower |
| 9:08 | Guard Tower |
| 9:08 | Guard Tower |
| 9:11 | Peasant |
| 9:11 | Peasant |
| 9:11 | Peasant |
| 9:12 | Peasant |
| 9:38 | Boots of Speed |
| 9:39 | Periapt of Vitality |
| 10:05 | Guard Tower |
| 10:25 | Staff of Teleportation |
| 10:34 | Arcane Tower |
| 10:35 | Arcane Tower |
| 10:37 | Arcane Tower |
| 10:39 | Scout Tower |
| 10:41 | Scout Tower |
| 10:43 | Bash |
| 10:49 | Advanced Lumber Harvesting |
| 11:09 | Arcane Sanctum |
| 11:09 | Farm |
| 11:50 | Arcane Vault |
| 11:51 | Arcane Vault |
| 11:57 | Imbued Masonry |
| 12:03 | Holy Light |
| 12:05 | Brilliance Aura |
| 12:13 | Guard Tower |
| 12:15 | Scout Tower |
| 12:15 | Scout Tower |
| 12:16 | Scout Tower |
| 12:16 | Guard Tower |
| 13:54 | Storm Bolt |
| 14:14 | Magic Sentry |
| 14:15 | Priest |
| 14:15 | Priest |
| 14:15 | Priest Adept Training |
| 14:17 | Scout Tower |
| 14:19 | Scout Tower |
| 14:19 | Scout Tower |
| 14:20 | Scout Tower |
| 14:20 | Scout Tower |
| 14:21 | Scout Tower |
| 14:22 | Scout Tower |
| 14:22 | Scout Tower |
| 14:22 | Scout Tower |
| 14:23 | Scout Tower |
| 14:23 | Scout Tower |
| 14:23 | Scout Tower |
| 14:24 | Scout Tower |
| 14:53 | Orb of Lightning |
| 14:55 | Boots of Speed |
| 15:04 | Guard Tower |
| 15:06 | Scout Tower |
| 15:06 | Scout Tower |
| 15:07 | Scout Tower |
| 15:07 | Scout Tower |
| 15:27 | Staff of Sanctuary |
| 15:31 | Staff of Sanctuary |
| 15:53 | Arcane Tower |
| 15:54 | Arcane Tower |
| 16:09 | Arcane Tower |
| 16:32 | Tome of Retraining |
| 16:32 | Retrain Hero |
| 16:34 | Blizzard |
| 16:34 | Brilliance Aura |
| 16:34 | Blizzard |
| 16:34 | Brilliance Aura |
| 16:45 | Periapt of Vitality |
| 17:08 | Scout Tower |
| 17:08 | Scout Tower |
| 17:09 | Scout Tower |
| 17:09 | Scout Tower |
| 17:10 | Scout Tower |
| 17:10 | Scout Tower |
| 17:10 | Scout Tower |
| 17:11 | Scout Tower |
| 17:12 | Scout Tower |
| 17:12 | Scout Tower |
| 17:12 | Scout Tower |
| 17:13 | Scout Tower |
| 17:13 | Scout Tower |
| 17:14 | Scout Tower |
| 17:15 | Scout Tower |
| 17:16 | Scout Tower |
| 17:16 | Scout Tower |
| 17:17 | Scout Tower |
| 17:18 | Scout Tower |
| 17:19 | Scout Tower |
| 17:19 | Scout Tower |
| 17:20 | Scout Tower |
| 17:21 | Scout Tower |
| 17:21 | Scout Tower |
| 17:22 | Scout Tower |
| 17:22 | Scout Tower |
| 17:23 | Scout Tower |
| 17:23 | Scout Tower |
| 17:24 | Scout Tower |
| 17:24 | Scout Tower |
| 17:27 | Town Hall |
| 17:30 | Staff of Teleportation |
| 17:40 | Arcane Tower |
| 17:41 | Arcane Tower |
| 17:44 | Staff of Sanctuary |
| 17:51 | Guard Tower |
| 17:52 | Guard Tower |
| 17:52 | Guard Tower |
| 17:52 | Guard Tower |
| 17:55 | Peasant |
| 17:56 | Peasant |
| 17:56 | Peasant |
| 18:08 | Guard Tower |
| 18:40 | Guard Tower |
| 18:40 | Guard Tower |
| 18:48 | Guard Tower |
| 19:02 | Guard Tower |
| 19:17 | Divine Shield |
| 19:35 | Guard Tower |
| 19:55 | Guard Tower |
| 20:05 | Guard Tower |
| 22:41 | Scout Tower |
| 22:41 | Scout Tower |
| 22:42 | Scout Tower |
| 22:42 | Scout Tower |
| 22:57 | Scout Tower |
| 22:57 | Scout Tower |
| 22:58 | Scout Tower |
| 22:58 | Scout Tower |
| 22:59 | Scout Tower |
| 23:00 | Scout Tower |
| 23:01 | Scout Tower |
| 23:01 | Scout Tower |
| 23:02 | Scout Tower |
| 23:02 | Scout Tower |
| 23:03 | Scout Tower |
| 23:03 | Scout Tower |
| 23:09 | Scout Tower |
| 23:09 | Scout Tower |
| 23:10 | Scout Tower |
| 23:10 | Scout Tower |
| 23:10 | Scout Tower |
| 23:11 | Scout Tower |
| 23:12 | Scout Tower |
| 23:12 | Scout Tower |
| 23:20 | Guard Tower |
| 24:20 | Guard Tower |
| 24:21 | Guard Tower |
| 24:23 | Scout Tower |
| 24:23 | Scout Tower |
| 24:31 | Guard Tower |
| 24:33 | Guard Tower |
| 24:45 | Scout Tower |
| 24:50 | Scout Tower |
| 24:53 | Scout Tower |
| 24:53 | Scout Tower |
| 25:00 | Guard Tower |
| 25:45 | Guard Tower |
| 25:46 | Scout Tower |
| 25:47 | Scout Tower |
| 25:47 | Scout Tower |
| 25:48 | Scout Tower |
| 25:48 | Scout Tower |
| 25:49 | Scout Tower |
| 25:49 | Scout Tower |
| 25:51 | Scout Tower |
| 25:52 | Scout Tower |
| 25:52 | Scout Tower |
| 25:53 | Scout Tower |
| 25:53 | Scout Tower |
| 25:54 | Scout Tower |
| 26:01 | Guard Tower |
| 26:02 | Guard Tower |
| 26:04 | Scout Tower |
| 26:05 | Scout Tower |
| 26:06 | Scout Tower |
| 26:06 | Scout Tower |
| 26:07 | Guard Tower |
| 26:27 | Scout Tower |
| 26:29 | Scout Tower |
| 26:40 | Guard Tower |
| 26:45 | Peasant |
| 26:50 | Scout Tower |
| 26:59 | Guard Tower |
| 27:00 | Guard Tower |
| 27:05 | Scout Tower |
| 27:05 | Scout Tower |
| 27:06 | Scout Tower |
| 27:06 | Scout Tower |
| 27:51 | Guard Tower |
| 27:52 | Scout Tower |
| 27:53 | Scout Tower |
| 27:53 | Scout Tower |
| 27:57 | Guard Tower |
| 28:01 | Scout Tower |
| 28:42 | Guard Tower |
| 30:50 | Scout Tower |
| 30:50 | Scout Tower |
| 30:50 | Scout Tower |
| 30:52 | Scout Tower |
| 30:52 | Scout Tower |
| 30:52 | Scout Tower |
| 30:54 | Scout Tower |
| 30:54 | Scout Tower |
| 30:55 | Scout Tower |
| 30:55 | Scout Tower |
| 30:56 | Scout Tower |
| 30:56 | Scout Tower |
| 30:57 | Guard Tower |
| 30:59 | Scout Tower |
| 31:00 | Scout Tower |
| 31:00 | Scout Tower |
| 31:01 | Scout Tower |
| 31:01 | Scout Tower |
| 31:01 | Guard Tower |
| 31:09 | Bash |
| 31:21 | Holy Light |
| 31:23 | Gryphon Aviary |
| 31:24 | Gryphon Aviary |
| 31:25 | Blacksmith |
| 31:27 | Barracks |
| 31:49 | Guard Tower |
| 32:13 | Guard Tower |
| 32:15 | Guard Tower |
| 32:21 | Scout Tower |
| 32:22 | Scout Tower |
| 32:23 | Scout Tower |
| 32:23 | Scout Tower |
| 32:24 | Scout Tower |
| 32:24 | Scout Tower |
| 32:25 | Scout Tower |
| 32:26 | Scout Tower |
| 32:26 | Scout Tower |
| 32:26 | Scout Tower |
| 32:27 | Scout Tower |
| 32:28 | Scout Tower |
| 32:29 | Scout Tower |
| 32:39 | Guard Tower |
| 32:58 | Iron Forged Swords |
| 32:58 | Studded Leather Armor |
| 33:07 | Animal War Training |
| 33:20 | Orb of Lightning |
| 33:20 | Orb of Lightning |
| 33:40 | Guard Tower |
| 34:05 | Guard Tower |
| 37:01 | Brilliance Aura |
| 39:11 | Guard Tower |
| 39:12 | Guard Tower |
| 39:14 | Guard Tower |
| 44:49 | Divine Shield |
| 45:36 | Storm Bolt |
| Right click | 4045 |
| Select | 1053 |
| Select group | 716 |
| Build/train/purchase | 480 |
| Chat | 247 |
| Use ability | 197 |
| Assign group | 38 |
| Misc. action | 24 |
| Minimap ping | 22 |
| Resource trade | 10 |
| Item give/drop | 9 |
| Remove unit | 1 |



| Healing Salve | 1 | 100 |
| Lesser Clarity Potion | 2 | 140 |
| Orb of Lightning | 2 | 750 |
| Staff of Teleportation | 3 | 450 |
| Boots of Speed | 2 | 500 |
| Periapt of Vitality | 1 | 325 |
| Circlet of Nobility | 1 | 175 |
| Staff of Sanctuary | 3 | 750 |
| total: | 15 | 3190g |
| Peon | 21 | 1575 | / | 0 |
| Ogre Magi | 1 | 320 | / | 50 |
| total: | 22 | 1895g | / | 50w |
| Watch Tower | 86 | 9460 | / | 6880 |
| Altar of Storms | 1 | 180 | / | 50 |
| Orc Burrow | 5 | 800 | / | 200 |
| War Mill | 1 | 205 | / | 0 |
| Voodoo Lounge | 3 | 390 | / | 90 |
| Great Hall | 1 | 385 | / | 185 |
| Stronghold | 1 | 315 | / | 190 |
| Fortress | 1 | 325 | / | 190 |
| total: | 97 | 11420g | / | 7405w |
| 0:01 | Peon |
| 0:05 | Altar of Storms |
| 0:15 | Peon |
| 0:18 | Orc Burrow |
| 0:27 | Peon |
| 0:43 | Peon |
| 0:52 | Peon |
| 1:01 | War Mill |
| 1:18 | Voodoo Lounge |
| 1:26 | Peon |
| 1:32 | Voodoo Lounge |
| 1:36 | Peon |
| 1:59 | Peon |
| 2:13 | Watch Tower |
| 2:17 | War Stomp |
| 2:25 | Peon |
| 2:26 | Peon |
| 2:37 | Watch Tower |
| 2:50 | Healing Salve |
| 2:50 | Lesser Clarity Potion |
| 3:00 | Orc Burrow |
| 3:01 | Orc Burrow |
| 3:17 | Watch Tower |
| 4:00 | Watch Tower |
| 4:09 | Peon |
| 4:10 | Peon |
| 4:27 | Watch Tower |
| 4:30 | Lesser Clarity Potion |
| 4:44 | Stronghold |
| 4:49 | Watch Tower |
| 5:02 | Staff of Teleportation |
| 5:03 | Boots of Speed |
| 5:12 | Watch Tower |
| 5:37 | Endurance Aura |
| 5:41 | Watch Tower |
| 5:44 | Watch Tower |
| 6:09 | Watch Tower |
| 6:31 | Watch Tower |
| 6:36 | Spiked Barricades |
| 7:13 | Great Hall |
| 7:20 | War Stomp |
| 7:28 | Watch Tower |
| 7:30 | Watch Tower |
| 7:38 | Ogre Magi |
| 8:03 | Fortress |
| 8:17 | Orc Burrow |
| 8:17 | Orc Burrow |
| 8:21 | Reinforced Defenses |
| 8:43 | Watch Tower |
| 8:43 | Watch Tower |
| 10:01 | Watch Tower |
| 10:01 | Watch Tower |
| 10:03 | Peon |
| 10:03 | Peon |
| 10:03 | Peon |
| 10:04 | Peon |
| 11:06 | Healing Wave |
| 11:09 | Watch Tower |
| 11:09 | Watch Tower |
| 11:11 | Peon |
| 11:16 | Peon |
| 11:20 | Voodoo Lounge |
| 11:44 | Peon |
| 12:02 | Endurance Aura |
| 12:13 | Watch Tower |
| 12:14 | Watch Tower |
| 12:15 | Peon |
| 12:15 | Peon |
| 14:01 | Watch Tower |
| 14:03 | Watch Tower |
| 14:20 | Staff of Teleportation |
| 14:20 | Boots of Speed |
| 14:21 | Periapt of Vitality |
| 14:22 | Circlet of Nobility |
| 14:38 | Watch Tower |
| 14:45 | Orb of Lightning |
| 15:17 | Watch Tower |
| 15:52 | Watch Tower |
| 16:09 | Chemical Rage |
| 16:17 | Watch Tower |
| 16:22 | Watch Tower |
| 16:35 | Staff of Sanctuary |
| 17:03 | Watch Tower |
| 17:12 | Orb of Lightning |
| 17:34 | Watch Tower |
| 17:38 | Watch Tower |
| 17:41 | Watch Tower |
| 18:40 | Staff of Sanctuary |
| 19:25 | Hex |
| 19:47 | Watch Tower |
| 19:50 | Watch Tower |
| 20:22 | Staff of Teleportation |
| 22:52 | Watch Tower |
| 22:52 | Watch Tower |
| 22:57 | Watch Tower |
| 22:58 | Watch Tower |
| 22:59 | Watch Tower |
| 23:00 | Watch Tower |
| 23:00 | Watch Tower |
| 24:40 | Staff of Sanctuary |
| 25:01 | Watch Tower |
| 25:02 | Watch Tower |
| 25:06 | Watch Tower |
| 25:07 | Watch Tower |
| 25:35 | Watch Tower |
| 25:36 | Watch Tower |
| 26:49 | Watch Tower |
| 26:50 | Watch Tower |
| 26:50 | Watch Tower |
| 26:51 | Watch Tower |
| 26:52 | Watch Tower |
| 26:53 | Watch Tower |
| 26:54 | Watch Tower |
| 27:55 | Watch Tower |
| 27:56 | Watch Tower |
| 27:57 | Watch Tower |
| 27:59 | Watch Tower |
| 28:01 | Watch Tower |
| 28:04 | Improved Spiked Barricades |
| 28:07 | Watch Tower |
| 28:30 | Watch Tower |
| 29:17 | Healing Spray |
| 32:08 | Watch Tower |
| 32:09 | Watch Tower |
| 32:12 | Watch Tower |
| 32:15 | Watch Tower |
| 32:17 | Watch Tower |
| 32:21 | Watch Tower |
| 32:23 | Watch Tower |
| 32:39 | Watch Tower |
| 32:40 | Watch Tower |
| 32:41 | Watch Tower |
| 32:52 | Healing Wave |
| 32:59 | Watch Tower |
| 33:00 | Watch Tower |
| 33:21 | Watch Tower |
| 33:49 | Watch Tower |
| 33:50 | Watch Tower |
| 34:26 | War Stomp |
| 34:39 | Watch Tower |
| 35:20 | Watch Tower |
| 35:21 | Watch Tower |
| 40:55 | Chemical Rage |
| 41:28 | Watch Tower |
| 41:29 | Watch Tower |
| 41:30 | Watch Tower |
| 43:14 | Watch Tower |
| 43:15 | Watch Tower |
| 43:17 | Watch Tower |
| 43:20 | Watch Tower |
| 44:36 | Hex |
| Right click | 3068 |
| Select | 1126 |
| Select group | 696 |
| Assign group | 675 |
| Build/train/purchase | 192 |
| Chat | 157 |
| Use ability | 103 |
| Misc. action | 16 |
| Resource trade | 15 |
| Item give/drop | 13 |
| Minimap ping | 9 |



| Lesser Clarity Potion | 1 | 70 |
| Staff of Sanctuary | 3 | 750 |
| Orb of Fire | 2 | 650 |
| Boots of Speed | 3 | 750 |
| Staff of Teleportation | 3 | 450 |
| Periapt of Vitality | 1 | 325 |
| Circlet of Nobility | 1 | 175 |
| Healing Salve | 1 | 100 |
| total: | 15 | 3270g |
| Peasant | 17 | 1275 | / | 0 |
| Priest | 2 | 270 | / | 20 |
| Dragonhawk Rider | 13 | 2600 | / | 390 |
| total: | 32 | 4145g | / | 410w |
| Scout Tower | 65 | 1950 | / | 1300 |
| Arcane Tower | 3 | 210 | / | 150 |
| Guard Tower | 31 | 2170 | / | 1550 |
| Farm | 13 | 1040 | / | 260 |
| Altar of Kings | 1 | 180 | / | 50 |
| Lumber Mill | 1 | 120 | / | 0 |
| Arcane Vault | 3 | 390 | / | 90 |
| Town Hall | 1 | 385 | / | 205 |
| Barracks | 1 | 160 | / | 60 |
| Blacksmith | 1 | 140 | / | 60 |
| Arcane Sanctum | 1 | 150 | / | 140 |
| Gryphon Aviary | 1 | 140 | / | 150 |
| Keep | 2 | 640 | / | 420 |
| Castle | 2 | 720 | / | 420 |
| total: | 88 | 4655g | / | 2315w |
| 0:01 | Peasant |
| 0:02 | Peasant |
| 0:05 | Farm |
| 0:08 | Altar of Kings |
| 0:19 | Lumber Mill |
| 0:22 | Peasant |
| 0:45 | Peasant |
| 0:53 | Scout Tower |
| 0:54 | Peasant |
| 1:03 | Peasant |
| 1:08 | Farm |
| 1:15 | Peasant |
| 1:20 | Arcane Tower |
| 1:34 | Scout Tower |
| 1:36 | Peasant |
| 1:47 | Scout Tower |
| 1:51 | Farm |
| 1:54 | Peasant |
| 2:03 | Scout Tower |
| 2:07 | Scout Tower |
| 2:09 | Peasant |
| 2:20 | Storm Bolt |
| 2:22 | Peasant |
| 2:30 | Scout Tower |
| 2:31 | Guard Tower |
| 2:33 | Guard Tower |
| 2:36 | Peasant |
| 2:47 | Guard Tower |
| 3:02 | Guard Tower |
| 3:03 | Scout Tower |
| 3:54 | Bash |
| 4:10 | Guard Tower |
| 4:24 | Arcane Vault |
| 4:34 | Keep |
| 4:43 | Scout Tower |
| 5:13 | Scout Tower |
| 5:13 | Guard Tower |
| 5:19 | Boots of Speed |
| 5:41 | Scout Tower |
| 5:41 | Guard Tower |
| 5:43 | Scout Tower |
| 5:48 | Improved Masonry |
| 5:48 | Advanced Masonry |
| 5:51 | Farm |
| 6:13 | Town Hall |
| 6:16 | Healing Salve |
| 6:18 | Lesser Clarity Potion |
| 6:22 | Guard Tower |
| 6:25 | Scout Tower |
| 6:26 | Scout Tower |
| 6:33 | Scout Tower |
| 7:02 | Scout Tower |
| 7:03 | Guard Tower |
| 7:09 | Peasant |
| 7:10 | Peasant |
| 7:55 | Storm Bolt |
| 8:19 | Castle |
| 8:26 | Peasant |
| 8:32 | Imbued Masonry |
| 8:39 | Holy Light |
| 8:57 | Boots of Speed |
| 8:57 | Staff of Teleportation |
| 9:33 | Scout Tower |
| 9:34 | Guard Tower |
| 9:58 | Improved Lumber Harvesting |
| 9:59 | Arcane Sanctum |
| 10:03 | Peasant |
| 10:04 | Peasant |
| 10:06 | Guard Tower |
| 10:08 | Scout Tower |
| 10:37 | Scout Tower |
| 10:37 | Guard Tower |
| 11:03 | Divine Shield |
| 11:07 | Boots of Speed |
| 11:11 | Scout Tower |
| 11:12 | Guard Tower |
| 11:15 | Magic Sentry |
| 11:16 | Priest |
| 11:20 | Arcane Vault |
| 11:23 | Arcane Vault |
| 11:53 | Siphon Mana |
| 11:55 | Scout Tower |
| 11:56 | Guard Tower |
| 12:01 | Scout Tower |
| 12:02 | Scout Tower |
| 13:39 | Bash |
| 14:09 | Holy Light |
| 14:11 | Banish |
| 14:19 | Scout Tower |
| 14:19 | Guard Tower |
| 14:35 | Priest Adept Training |
| 14:42 | Staff of Sanctuary |
| 14:42 | Orb of Fire |
| 14:44 | Staff of Sanctuary |
| 14:52 | Staff of Teleportation |
| 15:03 | Orb of Fire |
| 15:15 | Guard Tower |
| 15:20 | Scout Tower |
| 15:21 | Scout Tower |
| 15:22 | Scout Tower |
| 15:23 | Scout Tower |
| 15:25 | Scout Tower |
| 15:25 | Scout Tower |
| 15:26 | Scout Tower |
| 15:27 | Scout Tower |
| 15:34 | Priest |
| 15:54 | Gryphon Aviary |
| 15:55 | Barracks |
| 15:56 | Blacksmith |
| 16:07 | Arcane Tower |
| 16:24 | Periapt of Vitality |
| 16:24 | Circlet of Nobility |
| 16:24 | Staff of Teleportation |
| 16:27 | Arcane Tower |
| 17:12 | Animal War Training |
| 17:14 | Dragonhawk Rider |
| 17:14 | Dragonhawk Rider |
| 17:15 | Farm |
| 17:20 | Cloud |
| 17:21 | Studded Leather Armor |
| 17:22 | Iron Forged Swords |
| 17:48 | Staff of Sanctuary |
| 17:55 | Advanced Lumber Harvesting |
| 18:00 | Dragonhawk Rider |
| 18:05 | Dragonhawk Rider |
| 22:09 | Scout Tower |
| 22:10 | Scout Tower |
| 22:11 | Scout Tower |
| 22:11 | Scout Tower |
| 22:13 | Scout Tower |
| 22:14 | Scout Tower |
| 22:14 | Scout Tower |
| 22:16 | Scout Tower |
| 22:16 | Scout Tower |
| 22:17 | Scout Tower |
| 22:17 | Scout Tower |
| 22:28 | Dragonhawk Rider |
| 22:28 | Dragonhawk Rider |
| 22:48 | Guard Tower |
| 22:50 | Guard Tower |
| 23:22 | Guard Tower |
| 23:24 | Scout Tower |
| 23:36 | Dragonhawk Rider |
| 24:27 | Guard Tower |
| 24:30 | Scout Tower |
| 24:31 | Scout Tower |
| 24:32 | Scout Tower |
| 24:33 | Scout Tower |
| 24:35 | Scout Tower |
| 24:40 | Scout Tower |
| 24:42 | Scout Tower |
| 24:44 | Scout Tower |
| 24:50 | Dragonhawk Rider |
| 25:12 | Guard Tower |
| 25:38 | Guard Tower |
| 25:46 | Scout Tower |
| 25:47 | Scout Tower |
| 25:47 | Scout Tower |
| 25:48 | Scout Tower |
| 25:49 | Scout Tower |
| 25:50 | Scout Tower |
| 25:52 | Scout Tower |
| 25:53 | Scout Tower |
| 26:26 | Guard Tower |
| 26:36 | Guard Tower |
| 26:40 | Scout Tower |
| 26:40 | Scout Tower |
| 27:54 | Guard Tower |
| 27:58 | Scout Tower |
| 27:58 | Scout Tower |
| 28:00 | Scout Tower |
| 28:00 | Scout Tower |
| 28:01 | Guard Tower |
| 29:46 | Siphon Mana |
| 30:43 | Divine Shield |
| 30:52 | Guard Tower |
| 32:48 | Storm Bolt |
| 39:29 | Banish |
| 41:33 | Farm |
| 41:34 | Farm |
| 41:34 | Farm |
| 41:35 | Farm |
| 41:35 | Farm |
| 45:17 | Holy Light |
| 45:53 | Avatar |
| 46:22 | Dragonhawk Rider |
| 46:22 | Dragonhawk Rider |
| 46:22 | Dragonhawk Rider |
| 46:22 | Dragonhawk Rider |
| 46:22 | Dragonhawk Rider |
| 46:49 | Farm |
| 46:49 | Farm |
| 46:50 | Farm |
| Right click | 3578 |
| Select group | 1054 |
| Select | 982 |
| Build/train/purchase | 291 |
| Use ability | 240 |
| Assign group | 92 |
| Misc. action | 60 |
| Resource trade | 16 |
| Minimap ping | 15 |
| Item give/drop | 6 |
| Esc | 4 |
203 units @ 35.4k
/ 8k
140 buildings @ 12.7k
/ 6.1k



| Scroll of Town Portal | 1 | 350 |
| Staff of Teleportation | 2 | 300 |
| total: | 3 | 650g |
| Peasant | 29 | 2175 | / | 0 |
| Footman | 2 | 270 | / | 0 |
| Knight | 17 | 4165 | / | 1020 |
| Rifleman | 2 | 410 | / | 60 |
| Priest | 3 | 405 | / | 30 |
| Sorceress | 3 | 465 | / | 60 |
| Siege Engine | 3 | 585 | / | 180 |
| Mortar Team | 16 | 2880 | / | 1120 |
| total: | 75 | 11355g | / | 2470w |
| Scout Tower | 41 | 1230 | / | 820 |
| Guard Tower | 32 | 2240 | / | 1600 |
| Altar of Kings | 1 | 180 | / | 50 |
| Farm | 17 | 1360 | / | 340 |
| Barracks | 3 | 480 | / | 180 |
| Blacksmith | 2 | 280 | / | 120 |
| Lumber Mill | 3 | 360 | / | 0 |
| Town Hall | 4 | 1540 | / | 820 |
| Cannon Tower | 5 | 600 | / | 500 |
| Arcane Sanctum | 3 | 450 | / | 420 |
| Workshop | 2 | 280 | / | 280 |
| Keep | 2 | 640 | / | 420 |
| Castle | 1 | 360 | / | 210 |
| total: | 76 | 6160g | / | 3030w |
| 0:38 | Peasant |
| 0:38 | Peasant |
| 0:38 | Peasant |
| 0:38 | Peasant |
| 0:39 | Peasant |
| 0:58 | Altar of Kings |
| 1:00 | Peasant |
| 1:00 | Peasant |
| 1:11 | Farm |
| 1:21 | Peasant |
| 1:21 | Peasant |
| 1:21 | Peasant |
| 1:39 | Barracks |
| 1:42 | Peasant |
| 1:42 | Peasant |
| 2:04 | Farm |
| 2:48 | Footman |
| 2:51 | Footman |
| 3:01 | Holy Light |
| 3:03 | Keep |
| 3:38 | Blacksmith |
| 3:48 | Lumber Mill |
| 3:52 | Lumber Mill |
| 4:37 | Farm |
| 4:41 | Iron Forged Swords |
| 5:24 | Farm |
| 5:27 | Castle |
| 5:35 | Improved Lumber Harvesting |
| 6:03 | Barracks |
| 6:17 | Steel Forged Swords |
| 6:20 | Farm |
| 6:33 | Barracks |
| 6:43 | Scout Tower |
| 6:45 | Scout Tower |
| 6:49 | Scout Tower |
| 6:58 | Devotion Aura |
| 7:08 | Blizzard |
| 7:46 | Guard Tower |
| 7:47 | Guard Tower |
| 7:49 | Farm |
| 7:51 | Animal War Training |
| 7:52 | Sundering Blades |
| 7:56 | Farm |
| 7:57 | Advanced Lumber Harvesting |
| 8:20 | Town Hall |
| 8:30 | Farm |
| 8:49 | Knight |
| 8:49 | Knight |
| 9:07 | Knight |
| 9:35 | Knight |
| 10:20 | Mithril Forged Swords |
| 10:30 | Peasant |
| 10:30 | Peasant |
| 10:30 | Peasant |
| 10:30 | Peasant |
| 10:41 | Arcane Sanctum |
| 10:43 | Farm |
| 11:05 | Scout Tower |
| 11:08 | Scout Tower |
| 11:15 | Peasant |
| 11:33 | Iron Plating |
| 11:39 | Scout Tower |
| 11:41 | Farm |
| 11:51 | Knight |
| 11:52 | Rifleman |
| 11:59 | Farm |
| 12:03 | Farm |
| 12:06 | Guard Tower |
| 12:09 | Guard Tower |
| 12:54 | Brilliance Aura |
| 13:20 | Priest Adept Training |
| 13:29 | Blizzard |
| 14:00 | Scout Tower |
| 14:14 | Sorceress Adept Training |
| 14:18 | Arcane Sanctum |
| 14:23 | Arcane Sanctum |
| 14:25 | Knight |
| 14:25 | Knight |
| 14:30 | Guard Tower |
| 14:44 | Scout Tower |
| 14:54 | Steel Plating |
| 14:55 | Mithril Plating |
| 15:24 | Workshop |
| 15:28 | Sorceress Master Training |
| 15:35 | Peasant |
| 15:36 | Peasant |
| 15:41 | Peasant |
| 15:41 | Peasant |
| 15:41 | Peasant |
| 15:56 | Priest Master Training |
| 16:25 | Peasant |
| 16:25 | Peasant |
| 16:31 | Priest |
| 16:31 | Sorceress |
| 16:40 | Long Rifles |
| 16:48 | Blacksmith |
| 17:10 | Cannon Tower |
| 17:19 | Storm Bolt |
| 17:26 | Priest |
| 17:29 | Rifleman |
| 17:53 | Farm |
| 17:53 | Farm |
| 17:58 | Farm |
| 18:08 | Black Gunpowder |
| 18:44 | Siege Engine |
| 18:44 | Siege Engine |
| 19:40 | Farm |
| 19:53 | Studded Leather Armor |
| 19:54 | Refined Gunpowder |
| 19:59 | Town Hall |
| 20:19 | Farm |
| 20:21 | Siege Engine |
| 21:47 | Knight |
| 21:47 | Knight |
| 21:55 | Knight |
| 21:55 | Knight |
| 21:55 | Knight |
| 22:26 | Knight |
| 22:26 | Knight |
| 22:33 | Fragmentation Shards |
| 22:54 | Scout Tower |
| 22:56 | Scout Tower |
| 22:59 | Scout Tower |
| 23:03 | Scout Tower |
| 23:05 | Town Hall |
| 23:08 | Scout Tower |
| 23:15 | Scout Tower |
| 23:20 | Knight |
| 23:27 | Guard Tower |
| 23:29 | Guard Tower |
| 23:38 | Guard Tower |
| 23:38 | Guard Tower |
| 23:49 | Guard Tower |
| 24:04 | Holy Light |
| 24:32 | Mortar Team |
| 24:32 | Mortar Team |
| 24:32 | Mortar Team |
| 24:49 | Peasant |
| 24:49 | Peasant |
| 24:49 | Peasant |
| 25:01 | Peasant |
| 25:01 | Peasant |
| 25:12 | Town Hall |
| 25:14 | Scout Tower |
| 25:20 | Scout Tower |
| 25:41 | Imbued Gunpowder |
| 25:46 | Cannon Tower |
| 25:49 | Scout Tower |
| 25:52 | Scout Tower |
| 25:54 | Scout Tower |
| 25:57 | Scout Tower |
| 25:59 | Scout Tower |
| 26:10 | Cannon Tower |
| 26:16 | Scout Tower |
| 26:22 | Cannon Tower |
| 26:25 | Scout Tower |
| 26:29 | Scout Tower |
| 26:30 | Guard Tower |
| 26:30 | Guard Tower |
| 26:33 | Guard Tower |
| 26:45 | Scout Tower |
| 26:59 | Staff of Teleportation |
| 27:06 | Guard Tower |
| 27:12 | Guard Tower |
| 27:13 | Guard Tower |
| 27:24 | Guard Tower |
| 27:52 | Mortar Team |
| 27:55 | Scout Tower |
| 28:14 | Sorceress |
| 28:14 | Sorceress |
| 28:16 | Knight |
| 28:26 | Reinforced Leather Armor |
| 28:34 | Guard Tower |
| 28:36 | Scout Tower |
| 28:36 | Scout Tower |
| 28:39 | Scout Tower |
| 28:40 | Scout Tower |
| 28:41 | Scout Tower |
| 28:42 | Scout Tower |
| 29:49 | Guard Tower |
| 29:50 | Guard Tower |
| 30:07 | Improved Masonry |
| 30:54 | Lumber Mill |
| 31:02 | Mortar Team |
| 31:02 | Mortar Team |
| 31:04 | Mortar Team |
| 31:05 | Workshop |
| 31:50 | Guard Tower |
| 31:51 | Guard Tower |
| 31:52 | Cannon Tower |
| 32:26 | Mortar Team |
| 32:26 | Mortar Team |
| 32:29 | Dragonhide Armor |
| 32:33 | Priest |
| 32:39 | Staff of Teleportation |
| 32:39 | Scroll of Town Portal |
| 33:58 | Mortar Team |
| 33:58 | Mortar Team |
| 39:31 | Mortar Team |
| 39:31 | Mortar Team |
| 39:31 | Mortar Team |
| 40:01 | Mortar Team |
| 40:01 | Mortar Team |
| 40:04 | Knight |
| 40:29 | Scout Tower |
| 40:58 | Scout Tower |
| 40:59 | Guard Tower |
| 41:27 | Scout Tower |
| 41:29 | Scout Tower |
| 41:30 | Guard Tower |
| 42:12 | Guard Tower |
| 43:36 | Scout Tower |
| 43:38 | Scout Tower |
| 43:46 | Scout Tower |
| 44:21 | Guard Tower |
| 44:23 | Scout Tower |
| 45:03 | Guard Tower |
| 45:04 | Scout Tower |
| Right click | 1833 |
| Select | 1157 |
| Select group | 423 |
| Build/train/purchase | 252 |
| Misc. action | 140 |
| Assign group | 63 |
| Use ability | 55 |
| Esc | 20 |
| Chat | 17 |
| Resource trade | 12 |
| Minimap ping | 6 |


| Rod of Necromancy | 2 | 300 |
| Orb of Corruption | 1 | 375 |
| Potion of Healing | 1 | 150 |
| Dust of Appearance | 1 | 75 |
| Scroll of Town Portal | 5 | 1750 |
| total: | 10 | 2650g |
| Acolyte | 7 | 525 | / | 0 |
| Ghoul | 6 | 720 | / | 0 |
| Crypt Fiend | 7 | 1505 | / | 280 |
| Frost Wyrm | 16 | 6160 | / | 1920 |
| total: | 36 | 8910g | / | 2200w |
| Nerubian Tower | 3 | 300 | / | 60 |
| Spirit Tower | 4 | 580 | / | 160 |
| Ziggurat | 10 | 1500 | / | 500 |
| Altar of Darkness | 1 | 180 | / | 50 |
| Graveyard | 1 | 215 | / | 0 |
| Crypt | 1 | 200 | / | 50 |
| Tomb of Relics | 1 | 130 | / | 30 |
| Necropolis | 1 | 225 | / | 0 |
| Sacrificial Pit | 1 | 75 | / | 150 |
| Boneyard | 2 | 350 | / | 400 |
| Halls of the Dead | 1 | 320 | / | 210 |
| Black Citadel | 1 | 325 | / | 230 |
| total: | 18 | 2875g | / | 1180w |
| 0:06 | Acolyte |
| 0:07 | Acolyte |
| 0:18 | Ziggurat |
| 0:26 | Altar of Darkness |
| 0:40 | Graveyard |
| 1:02 | Crypt |
| 1:13 | Nerubian Tower |
| 1:42 | Tomb of Relics |
| 1:47 | Ziggurat |
| 2:11 | Ghoul |
| 2:12 | Ghoul |
| 2:32 | Death Coil |
| 2:46 | Rod of Necromancy |
| 2:47 | Dust of Appearance |
| 2:50 | Crypt Fiend |
| 3:15 | Crypt Fiend |
| 3:48 | Halls of the Dead |
| 4:23 | Crypt Fiend |
| 4:31 | Ziggurat |
| 4:36 | Creature Attack |
| 4:47 | Unholy Aura |
| 4:52 | Crypt Fiend |
| 5:06 | Rod of Necromancy |
| 6:28 | Ghoul |
| 6:38 | Ziggurat |
| 7:17 | Death Coil |
| 7:35 | Acolyte |
| 7:35 | Acolyte |
| 7:35 | Acolyte |
| 7:35 | Acolyte |
| 7:35 | Acolyte |
| 7:52 | Frost Nova |
| 8:07 | Sacrificial Pit |
| 8:10 | Creature Carapace |
| 8:10 | Improved Creature Attack |
| 8:53 | Ziggurat |
| 8:53 | Ziggurat |
| 8:55 | Ziggurat |
| 8:56 | Ziggurat |
| 8:57 | Ziggurat |
| 8:58 | Ziggurat |
| 9:19 | Dark Ritual |
| 9:56 | Black Citadel |
| 10:08 | Crypt Fiend |
| 10:08 | Crypt Fiend |
| 10:28 | Scroll of Town Portal |
| 10:37 | Spirit Tower |
| 10:39 | Nerubian Tower |
| 10:46 | Necropolis |
| 10:50 | Spirit Tower |
| 10:52 | Nerubian Tower |
| 11:36 | Web |
| 12:22 | Ghoul |
| 12:28 | Boneyard |
| 13:16 | Boneyard |
| 13:29 | Ghoul |
| 13:47 | Frost Wyrm |
| 13:48 | Frost Wyrm |
| 14:14 | Frost Wyrm |
| 14:23 | Improved Creature Carapace |
| 14:46 | Orb of Corruption |
| 14:52 | Crypt Fiend |
| 14:58 | Frost Wyrm |
| 15:33 | Freezing Breath |
| 15:55 | Frost Wyrm |
| 16:58 | Scroll of Town Portal |
| 17:03 | Advanced Creature Carapace |
| 17:09 | Frost Wyrm |
| 17:45 | Frost Wyrm |
| 17:49 | Frost Wyrm |
| 18:20 | Frost Wyrm |
| 19:12 | Death Pact |
| 19:48 | Advanced Creature Attack |
| 21:33 | Potion of Healing |
| 21:35 | Scroll of Town Portal |
| 21:58 | Frost Nova |
| 23:14 | Backpack |
| 23:16 | Burrow |
| 23:18 | Ghoul Frenzy |
| 23:18 | Cannibalize |
| 25:40 | Ghoul |
| 26:31 | Frost Wyrm |
| 26:42 | Scroll of Town Portal |
| 28:07 | Unholy Strength |
| 28:07 | Unholy Armor |
| 28:46 | Stone Form |
| 28:50 | Spirit Tower |
| 28:52 | Spirit Tower |
| 29:13 | Frost Wyrm |
| 29:14 | Frost Wyrm |
| 29:43 | Scroll of Town Portal |
| 30:02 | Frost Wyrm |
| 34:36 | Frost Armor |
| 35:28 | Frost Wyrm |
| 36:38 | Frost Wyrm |
| 36:52 | Death Coil |
| 37:31 | Frost Wyrm |
| Right click | 1143 |
| Select group | 431 |
| Select | 271 |
| Build/train/purchase | 97 |
| Chat | 78 |
| Use ability | 53 |
| Minimap ping | 47 |
| Assign group | 34 |
| Resource trade | 33 |
| Esc | 3 |
| Item give/drop | 2 |

| Scroll of Regeneration | 4 | 400 |
| Ivory Tower | 3 | 120 |
| Scroll of Healing | 1 | 250 |
| total: | 8 | 770g |
| Peasant | 12 | 900 | / | 0 |
| Footman | 23 | 3105 | / | 0 |
| Rifleman | 1 | 205 | / | 30 |
| Mortar Team | 29 | 5220 | / | 2030 |
| Priest | 4 | 540 | / | 40 |
| Knight | 13 | 3185 | / | 780 |
| Siege Engine | 4 | 780 | / | 240 |
| Dragonhawk Rider | 6 | 1200 | / | 180 |
| total: | 92 | 15135g | / | 3300w |
| Scout Tower | 25 | 750 | / | 500 |
| Guard Tower | 3 | 210 | / | 150 |
| Arcane Tower | 2 | 140 | / | 100 |
| Altar of Kings | 1 | 180 | / | 50 |
| Farm | 10 | 800 | / | 200 |
| Barracks | 1 | 160 | / | 60 |
| Lumber Mill | 1 | 120 | / | 0 |
| Arcane Vault | 1 | 130 | / | 30 |
| Blacksmith | 1 | 140 | / | 60 |
| Town Hall | 2 | 770 | / | 410 |
| Cannon Tower | 3 | 360 | / | 300 |
| Arcane Sanctum | 1 | 150 | / | 140 |
| Workshop | 2 | 280 | / | 280 |
| Gryphon Aviary | 1 | 140 | / | 150 |
| Keep | 1 | 320 | / | 210 |
| Castle | 1 | 360 | / | 210 |
| total: | 46 | 3620g | / | 1880w |
| 0:04 | Peasant |
| 0:05 | Peasant |
| 0:05 | Peasant |
| 0:05 | Peasant |
| 0:12 | Altar of Kings |
| 0:15 | Farm |
| 0:40 | Barracks |
| 1:15 | Farm |
| 1:30 | Lumber Mill |
| 1:54 | Footman |
| 1:54 | Footman |
| 1:55 | Footman |
| 2:41 | Arcane Vault |
| 2:54 | Thunder Clap |
| 3:47 | Farm |
| 4:05 | Keep |
| 4:06 | Scroll of Regeneration |
| 4:09 | Storm Bolt |
| 4:38 | Blacksmith |
| 5:42 | Scroll of Regeneration |
| 5:47 | Footman |
| 5:48 | Footman |
| 6:04 | Scout Tower |
| 6:51 | Ivory Tower |
| 6:57 | Ivory Tower |
| 7:22 | Town Hall |
| 7:34 | Scroll of Regeneration |
| 8:28 | Storm Bolt |
| 8:48 | Scroll of Healing |
| 9:09 | Peasant |
| 9:09 | Peasant |
| 9:09 | Peasant |
| 9:10 | Footman |
| 9:10 | Rifleman |
| 9:10 | Footman |
| 9:22 | Improved Lumber Harvesting |
| 9:24 | Footman |
| 9:24 | Footman |
| 9:24 | Footman |
| 9:24 | Footman |
| 9:24 | Footman |
| 9:33 | Farm |
| 9:39 | Scroll of Regeneration |
| 10:33 | Guard Tower |
| 10:34 | Guard Tower |
| 10:36 | Arcane Tower |
| 10:41 | Iron Forged Swords |
| 10:49 | Iron Plating |
| 10:51 | Footman |
| 10:51 | Footman |
| 10:51 | Footman |
| 10:51 | Footman |
| 10:51 | Footman |
| 11:03 | Arcane Sanctum |
| 11:12 | Peasant |
| 11:12 | Peasant |
| 11:47 | Workshop |
| 13:44 | Mortar Team |
| 13:44 | Mortar Team |
| 13:44 | Mortar Team |
| 13:44 | Mortar Team |
| 13:46 | Footman |
| 13:46 | Footman |
| 13:46 | Footman |
| 13:46 | Footman |
| 13:46 | Footman |
| 13:46 | Footman |
| 13:49 | Priest |
| 13:49 | Priest |
| 13:49 | Priest |
| 13:49 | Priest |
| 13:50 | Priest Adept Training |
| 14:20 | Black Gunpowder |
| 14:20 | Steel Forged Swords |
| 14:21 | Steel Plating |
| 14:39 | Farm |
| 15:09 | Castle |
| 15:24 | Farm |
| 15:58 | Mithril Plating |
| 16:07 | Farm |
| 17:32 | Farm |
| 17:49 | Ivory Tower |
| 18:02 | Cannon Tower |
| 18:04 | Magic Sentry |
| 18:06 | Fragmentation Shards |
| 18:16 | Advanced Lumber Harvesting |
| 18:16 | Improved Masonry |
| 18:19 | Sundering Blades |
| 18:20 | Animal War Training |
| 18:20 | Knight |
| 18:20 | Knight |
| 19:52 | Scout Tower |
| 21:12 | Thunder Clap |
| 22:49 | Town Hall |
| 22:54 | Siege Engine |
| 22:54 | Siege Engine |
| 22:54 | Siege Engine |
| 22:54 | Siege Engine |
| 22:57 | Knight |
| 22:57 | Knight |
| 22:57 | Knight |
| 22:57 | Knight |
| 23:21 | Cannon Tower |
| 24:30 | Knight |
| 24:30 | Knight |
| 24:33 | Refined Gunpowder |
| 24:33 | Studded Leather Armor |
| 24:35 | Mithril Forged Swords |
| 24:58 | Peasant |
| 24:59 | Peasant |
| 24:59 | Peasant |
| 25:15 | Mortar Team |
| 25:15 | Mortar Team |
| 25:19 | Gryphon Aviary |
| 25:45 | Farm |
| 25:50 | Advanced Masonry |
| 26:05 | Imbued Gunpowder |
| 26:40 | Cloud |
| 26:41 | Dragonhawk Rider |
| 26:41 | Dragonhawk Rider |
| 26:56 | Scout Tower |
| 27:00 | Scout Tower |
| 27:00 | Scout Tower |
| 27:01 | Scout Tower |
| 27:02 | Scout Tower |
| 27:06 | Scout Tower |
| 27:07 | Scout Tower |
| 27:08 | Scout Tower |
| 27:08 | Scout Tower |
| 27:14 | Reinforced Leather Armor |
| 27:41 | Scout Tower |
| 29:41 | Guard Tower |
| 29:53 | Knight |
| 29:53 | Knight |
| 29:53 | Knight |
| 29:54 | Knight |
| 29:54 | Knight |
| 31:32 | Dragonhawk Rider |
| 31:32 | Dragonhawk Rider |
| 31:32 | Dragonhawk Rider |
| 31:32 | Dragonhawk Rider |
| 32:36 | Scout Tower |
| 32:37 | Scout Tower |
| 32:37 | Scout Tower |
| 32:37 | Scout Tower |
| 34:00 | Mortar Team |
| 34:01 | Mortar Team |
| 34:01 | Mortar Team |
| 34:01 | Mortar Team |
| 34:01 | Mortar Team |
| 37:39 | Scout Tower |
| 37:40 | Scout Tower |
| 37:41 | Scout Tower |
| 37:42 | Scout Tower |
| 37:43 | Scout Tower |
| 37:44 | Scout Tower |
| 37:45 | Scout Tower |
| 37:47 | Scout Tower |
| 37:47 | Scout Tower |
| 38:51 | Mortar Team |
| 38:51 | Mortar Team |
| 38:52 | Mortar Team |
| 38:52 | Mortar Team |
| 38:52 | Mortar Team |
| 38:52 | Flare |
| 38:54 | Dragonhide Armor |
| 39:01 | Workshop |
| 39:19 | Cannon Tower |
| 39:23 | Arcane Tower |
| 40:18 | Mortar Team |
| 40:19 | Mortar Team |
| 40:19 | Mortar Team |
| 40:19 | Mortar Team |
| 40:19 | Mortar Team |
| 40:19 | Mortar Team |
| 42:21 | Storm Bolt |
| 43:16 | Farm |
| 44:14 | Mortar Team |
| 44:14 | Mortar Team |
| 44:14 | Mortar Team |
| 44:14 | Mortar Team |
| 44:14 | Mortar Team |
| 44:14 | Mortar Team |
| 44:14 | Mortar Team |
| Right click | 1678 |
| Select | 647 |
| Build/train/purchase | 178 |
| Misc. action | 29 |
| Use ability | 28 |
| Resource trade | 9 |
| Item give/drop | 2 |
| Minimap ping | 2 |
| Remove unit | 1 |
⇛